AoeStats
← Leão

Arabia

508752927Analyzed
1v1 RM · 9d ago on Sep 23, 2026· 48m 38s· 2 players
Game mode
Random Map
Map size
Tiny (2 player)
Population
200
Speed
Normal
Resources
Standard
Victory
Conquest
Starting age
Dark Age
Ending age
Imperial Age
RankedLock teamsTeams togetherTeam positionsShared explorationLock speedFull tech treeHidden civsTurbo modeCheats
Victory
Defeat
🇧🇷 Varangians · Brazil
1268
+17
🇺🇸 Byzantines · United States
1298
-17
Leão
7:10 Loom
9:40 Feudal Age
10:27 Double-Bit Axe
11:37 Bloodlines
20:05 Castle Age
18:13 Horse Collar
19:09 Gold Mining
20:12 Scale Barding Armor
20:18 Forging
20:54 Husbandry
21:20 Bow Saw
24:59 Chain Barding Armor
28:44 Iron Casting
31:29 Wheelbarrow
32:08 Heavy Plow
31:59 Stone Mining
33:39 Town Watch
34:09 Hand Cart
37:53 Fletching
40:43 Imperial Age
37:47 Vendel Legacy
39:10 Bodkin Arrow
39:38 Ballistics
39:35 Masonry
40:12 Town Patrol
41:57 Cavalier
43:14 Plate Barding Armor
43:39 Blast Furnace
43:23 Conscription
44:10 Chemistry
48:06 Elite Skirmisher
48:49 Bracer
48:49 Padded Archer Armor
HouseHunter5266
8:30 Loom
10:41 Feudal Age
12:01 Double-Bit Axe
19:54 Castle Age
19:16 Fletching
20:12 Crossbowman
21:48 Thumb Ring
21:48 Padded Archer Armor
22:45 Gold Mining
23:44 Bodkin Arrow
24:07 Leather Archer Armor
25:46 Ballistics
25:02 Pikeman
27:09 Scale Mail Armor
30:18 Chain Mail Armor
30:11 Squires
30:36 Forging
36:55 Imperial Age
37:09 Iron Casting
39:43 Halberdier
41:32 Plate Mail Armor
46:07 Bracer
Connection lost

Rejoining the realm…

Still unreachable

The connection could not be restored.

Session expired

The server has moved on; the page needs a fresh start.